 Dungeon Crawl Stone Soup version 0.28.0-43-g3370ac3207 (console) character file.

Game seed: 46038622984559309

177 Zeor the Sneak (level 5, -6/33 HPs)
             Began as a Kobold Brigand on Mar 14, 2022.
             Mangled by a scorpion (7 damage)
             ... on level 4 of the Dungeon.
             The game lasted 00:09:55 (4443 turns).

Zeor the Sneak (Kobold Brigand)                     Turns: 4443, Time: 00:09:55

Health: -6/33      AC:  5    Str:  9    XL:     5   Next: 88%
Magic:  5/5        EV: 15    Int: 12    God:
Gold:   155        SH:  0    Dex: 18    Spells: 4/4 levels left

rFire   + . .      SeeInvis .   a - +2 dagger
rCold   + . .      Faith    .   (no shield)
rNeg    . . .      Spirit   .   b - +0 robe
rPois   +          Reflect  .   h - +0 helmet
rElec   +          Harm     .   c - +1 cloak
rCorr   +          Rampage  .   (no gloves)
Will    .....                   (no boots)
Stlth   +++++.....              (no amulet)
HPRegen 0.11/turn               (no ring)
MPRegen 0.09/turn               (no ring)

@: lethally poisoned (-6 -> -13), resistant, hasted, very quick
A: small, no large weapons, nightstalker 3
a: no special abilities


You were on level 4 of the Dungeon.
You visited 1 branch of the dungeon, and saw 4 of its levels.

You collected 155 gold pieces.

Inventory:

Hand Weapons
 a - a +2 dagger (weapon)
Missiles
 d - 12 poisoned darts (quivered)
 e - 2 curare-tipped darts
 f - 28 sling bullets
 g - 7 boomerangs
 l - 37 arrows
 m - 11 bolts
Armour
 b - a +0 robe (worn)
 c - a +1 cloak (worn)
 h - a +0 helmet (worn)
Jewellery
 o - a ring of fire
Scrolls
 n - a scroll of enchant weapon
Potions
 p - a potion of mutation {unknown}
 q - a potion of ambrosia {unknown}


   Skills:
 * Level 3.7 Fighting
 + Level 4.4 Short Blades
 + Level 2.4 Throwing
 + Level 2.1 Dodging
 + Level 6.8 Stealth


You had 4 spell levels left.
You didn't know any spells.
Your spell library contained the following spells:

 Spells                   Type           Power      Damage    Failure   Level
 Summon Small Mammal      Summ           0%         N/A       32%         1
 Call Canine Familiar     Summ           0%         N/A       69%         3
 Summon Guardian Golem    Hex/Summ       0%         N/A       69%         3
 Tukima's Dance           Hex            0%         N/A       69%         3
 Hailstorm                Conj/Ice       0%         3d3       97%         4
 Ice Form                 Ice/Tmut       0%         N/A       97%         4
 Passage of Golubria      Tloc           0%         N/A       97%         4
 Yara's Violent Unravell  Hex/Tmut       0%         3d3       100%        5
 Simulacrum               Ice/Necr       0%         N/A       100%        6


Dungeon Overview and Level Annotations

Branches:
Dungeon (4/15)
 Temple: D:4-7

Altars:
Vehumet


Innate Abilities, Weirdness & Mutations

You are small and have problems with some larger weapons.
You are completely attuned to the shadows.


Message History

The quokka is severely wounded.
You hear a shout!
The quokka barely misses you.
You hear a shout! x2
You hit the quokka.
You kill the quokka!
You barely miss the scorpion. The scorpion stings you!
You are poisoned.
The scorpion poisons you!
You hit the scorpion.
The scorpion is lightly wounded.
You feel very sick. The scorpion barely misses you.
You hit the scorpion.
The scorpion is lightly wounded.
You feel sick. The scorpion stings you.
You are too injured to fight recklessly!
You are too injured to fight recklessly!
You hit the scorpion but do no damage.
The scorpion is lightly wounded.
You feel sick. The scorpion stings you.
* * * LOW HITPOINT WARNING * * *
You are more poisoned.
The scorpion poisons you!
You feel better. The scorpion stings you.
You are poisoned.
The scorpion poisons you!
You feel protected.
You feel very sick. The scorpion stings you.
* * * LOW HITPOINT WARNING * * *
You feel yourself speed up.
* * * LOW HITPOINT WARNING * * *
You feel very sick. The scorpion stings you.
* * * LOW HITPOINT WARNING * * *
You hit the scorpion but do no damage.
The scorpion is lightly wounded.
The scorpion stings you!
You die...

∙∙∙∙∙∙∙▒ ∙∙∙∙∙∙▒
▒∙∙∙∙▒▒▒▒▒▒
▒∙∙∙∙∙∙∙∙∙▒▒▒▒▒
▒∙▒▒▒▒▒▒▒∙∙∙∙∙∙
▒∙▒∙▒∙▒∙▒∙∙▒▒▒
▒∙▒^^^^^▒∙∙∙▒
▒∙▒∙▒#▒#▒#▒▒▒∙▒
▒∙▒∙∙KoosK∙∙'∙▒∙▒
▒∙▒∙∙g▒#▒#▒#▒▒▒∙▒
▒∙▒∙∙∙▒^^^^^▒∙∙∙▒
▒∙▒∙∙∙▒∙▒∙▒∙▒∙∙∙▒
▒▒▒▒▒▒▒∙▒∙∙∙▒▒▒▒▒▒▒∙∙∙▒
▒∙∙∙∙∙∙∙▒∙∙∙∙∙∙∙∙∙∙∙∙∙▒
▒∙▒▒▒▒▒∙∙∙∙∙∙∙∙∙∙∙∙∙∙∙▒
▒∙▒∙∙∙▒∙∙∙∙▒▒▒▒▒▒▒▒∙∙∙▒
▒∙▒∙▒∙▒∙∙∙∙∙∙ ■∙∙∙▒


You could see a scorpion, 2 orcs, a hobgoblin and a kobold.

Vanquished Creatures
  An orc priest (D:3)
  A howler monkey skeleton (D:4)
  5 adders
  2 worms
  A dart slug (D:1)
  5 orcs (D:3)
  5 bats
  4 endoplasms
  3 giant cockroaches
  8 goblins
  6 hobgoblins
  4 jackals (D:1)
  8 quokkas
  7 ball pythons
  2 frilled lizards
  8 kobolds
  4 rats
74 creatures vanquished.

Notes
Turn   | Place    | Note
-------+----------+-------------------------------------------
     0 | D:1      | Zeor the Kobold Brigand began the quest for the Orb.
     0 | D:1      | Reached XP level 1. HP: 12/12 MP: 1/1
    85 | D:1      | Reached XP level 2. HP: 7/18 MP: 2/2
   575 | D:1      | Reached XP level 3. HP: 10/22 MP: 3/3
   963 | D:1      | Found a faded altar of an unknown god.
  1556 | D:2      | Found a radiant altar of Vehumet.
  1765 | D:2      | Reached skill level 6 in Stealth
  1765 | D:2      | Reached XP level 4. HP: 28/28 MP: 4/4
  2720 | D:3      | Reached XP level 5. HP: 27/32 MP: 5/5
  4442 | D:4      | HP: 1/33 [scorpion (4)]
  4443 | D:4      | Mangled by a scorpion

Illustrated notes

Levels and vault maps discovered:
D:1:      lemuel_arrival_tunnels, layout_basic,
          dreamdust_ecumenical_altar_sealed_demon, palyth_stone_intersect
D:2:      layout_basic, basic_altar, grunt_ministairs_12
D:3:      layout_loops_corners, st_stairs_2
D:4:      layout_basic, serial_shops, nicolae_lakefront_shop, grunt_tough_drop

Skill      XL: |  1  2  3  4  5 |
---------------+----------------+-----
Short Blades   | 3 4 |  4.4
Fighting       | 3 |  3.7
Stealth        | 6 |  6.8
Dodging        | 2 |  2.1
Throwing       | |  2.4

Action                   |  1- 3 |  4- 6 || total
-------------------------+-------+-------++-------
Melee: Dagger            |   103 |   166 ||   269
       Punch             |     1 |     1 ||     2
Throw: Dart              |       |    10 ||    10
  Use: Scroll            |     3 |     7 ||    10
       Potion            |       |     5 ||     5
 Stab: Sleeping          |    15 |    18 ||    33
Armor: Robe              |    28 |    18 ||    46
Dodge: Dodged            |    68 |    82 ||   150
